AoeStats
← PNAL | Mr.Costas

Arena

510389459Analyzed
1v1 RM · 1d ago on Sep 30, 2026· 46m 41s· 2 players
Game mode
Random Map
Map size
Tiny (2 player)
Population
200
Speed
Normal
Resources
Standard
Victory
Conquest
Starting age
Dark Age
Ending age
Imperial Age
RankedLock teamsTeams togetherTeam positionsShared explorationLock speedFull tech treeHidden civsTurbo modeCheats
Victory
Defeat
🇪🇸 Burmese · Spain
1546
+20
🇨🇿 Burgundians · Czechia
1626
-20
PNAL | Mr.Costas
10:07 Feudal Age
14:11 Castle Age
12:29 Gold Mining
16:09 Loom
19:08 Sanctity
19:12 Scale Mail Armor
18:56 Horse Collar
20:15 Fervor
19:51 Pikeman
21:06 Atonement
21:47 Redemption
22:53 Gambesons
25:30 Wheelbarrow
27:28 Squires
31:14 Heavy Plow
33:49 Chain Mail Armor
38:04 Imperial Age
36:06 Forging
37:13 Fletching
38:19 Hand Cart
38:08 Capped Ram
38:17 Halberdier
39:38 Block Printing
40:40 Illumination
42:20 Iron Casting
44:51 Bodkin Arrow
[SP4RT] Petza IV.
5:01 Double-Bit Axe
10:50 Feudal Age
14:52 Castle Age
13:18 Horse Collar
14:47 Bow Saw
15:02 Light Cavalry
17:29 Devotion
20:04 Forging
19:58 Loom
23:46 Husbandry
26:31 Scale Mail Armor
33:12 Heavy Plow
34:04 Fortified Wall
40:32 Imperial Age
38:48 Masonry
39:05 Burgundian Vineyards
39:39 Fletching
40:40 Wheelbarrow
42:16 Chemistry
42:10 Bodkin Arrow
45:31 Ballistics
45:13 Bracer
Connection lost

Rejoining the realm…

Still unreachable

The connection could not be restored.

Session expired

The server has moved on; the page needs a fresh start.